 Dungeon Crawl Stone Soup version 0.30-a0-778-g2ef04afb54 (webtiles) character file.

Game seed: 7233799107125262568

59082 theswoord the Frost Mage (level 14, 0/117 (121) HPs)
             Began as a Demonspawn Ice Elementalist on Feb 15, 2023.
             Was a High Priest of Kikubaaqudgha.
             Killed from afar by Azrael (33 damage)
             ... with a bolt of fire
             ... on level 12 of the Dungeon.
             The game lasted 00:47:53 (17894 turns).

theswoord the Frost Mage (DsIE)                    Turns: 17894, Time: 00:47:53

HP:   0/117 (121)   AC: 14    Str: 11    XL:     14   Next: 51%
MP:   15/36         EV: 12    Int: 22    God:    Kikubaaqudgha [*****.]
Gold: 2608          SH:  4    Dex: 11    Spells: 15/32 levels left

rFire   . . .      SeeInvis .    R - staff of cold
rCold   + . .      Faith    .    (no shield)
rNeg    . . .      Spirit   .    E - +0 steam dragon scales
rPois   .          Reflect  .    (helmet restricted)
rElec   .          Harm     .    I - +0 cloak
rCorr   +          Rampage  .    d - +1 pair of gloves
Will    ++...                    O - +1 pair of boots
Stlth   ++                       j - amulet of regeneration
HPRegen 1.19/turn                q - ring of Dazoschue {Will+ rCorr MP+9 Str+2 Dex-2}
MPRegen 0.25/turn                C - +4 ring of protection

@: lightly drained
A: antennae 1, large bone plates 1, foul stench 3, demonic magic 3
a: Renounce Religion, Unearth Wretches, Torment


You were on level 12 of the Dungeon.
You worshipped Kikubaaqudgha.
Kikubaaqudgha was extremely pleased with you.
You visited 3 branches of the dungeon, and saw 18 of its levels.

You collected 2698 gold pieces.
You spent 90 gold pieces at shops.

Inventory:

Hand Weapons
 y - the +9 great sword of Xazxaneh {venom, rF+ Stlth+}
   (You acquired it on level 4 of the Dungeon)

   rF:        It protects you from fire.
   Stlth:     It makes you more stealthy.
 N - a +4 quarterstaff of chaos
Armour
 d - a +1 pair of gloves (worn)
 E - +0 steam dragon scales (worn)
 I - a +0 cloak (worn)
 O - a +1 pair of boots (worn)
 V - a +2 robe of cold resistance
Magical Staves
 p - a staff of conjuration
 R - a staff of cold (weapon)
Jewellery
 c - a ring of protection from cold
 j - an amulet of regeneration (around neck)
 k - a ring of protection from fire
 q - the ring of Dazoschue (left hand) {Will+ rCorr MP+9 Str+2 Dex-2}
   (You found it on level 2 of the Dungeon)

   [ring of magical power]

   Str:       It affects your strength (+2).
   Dex:       It affects your dexterity (-2).
   MP:        It affects your magic capacity (+9).
   rCorr:     It protects you from acid and corrosion.
   Will:      It increases your willpower.
 C - a +4 ring of protection (right hand)
Wands
 A - a wand of paralysis (34)
 Q - a wand of light (5)
 X - a wand of mindburst (4)
Scrolls
 a - 3 scrolls of identify
 e - 5 scrolls of vulnerability
 v - 2 scrolls of blinking
 B - 2 scrolls of silence
 G - 2 scrolls of enchant armour
 H - 3 scrolls of enchant weapon
 J - 2 scrolls of fear
 P - a scroll of teleportation
 S - a scroll of torment
 T - a scroll of poison
 Z - a scroll of immolation
Potions
 b - a potion of magic
 i - 2 potions of resistance
 m - 2 potions of haste
 s - 5 potions of mutation
 t - 3 potions of flight
 w - a potion of cancellation
 x - 6 potions of curing
 z - a potion of lignification
 D - 3 potions of brilliance
 F - a potion of invisibility
 K - a potion of might
 L - 2 potions of attraction
 U - a potion of ambrosia
 W - a potion of berserk rage


   Skills:
 + Level 14.3 Fighting
 - Level 1.7 Dodging
 - Level 1.7 Stealth
 - Level 9.7 Spellcasting
 + Level 12.7 Necromancy
 + Level 14.5 Ice Magic


You had 15 spell levels left.
You knew the following spells:

 Your Spells              Type           Power      Damage    Failure   Level
a - Freeze                Ice            100%       1d10      0%          1
b - Frozen Ramparts       Ice            100%       1d16      1%          3
c - Ozocubu's Armour      Ice            84%        N/A       1%          3
d - Simulacrum            Ice/Necr       41%        N/A       3%          6
e - Summon Ice Beast      Ice/Summ       59%        N/A       3%          4

Your spell library contained the following spells:

 Spells                   Type           Power      Damage    Failure   Level
 Necrotise                Necr           100%       1d9       1%          1
 Cigotuvi's Dreadful Rot  Necr/Pois/Air  58%        N/A       1%          2
 Ensorcelled Hibernation  Hex/Ice        100%       N/A       1%          2
 Sublimation of Blood     Necr           61%        N/A       1%          2
 Animate Dead             Necr           61%        N/A       1%          4
 Agony                    Necr           61%        N/A       1%          5
 Anguish                  Hex/Necr       19%        N/A       4%          4
 Apportation              Tloc           20%        N/A       6%          1
 Lesser Beckoning         Tloc           20%        N/A       10%         2
 Passwall                 Tmut/Erth      8%         N/A       10%         2
 Poisonous Vapours        Pois/Air       20%        N/A       10%         2
 Scorch                   Fire           20%        2d6       10%         2
 Static Discharge         Conj/Air       20%        2-3/arc   10%         2
 Borgnjor's Vile Clutch   Necr/Erth      19%        N/A       13%         5
 Mephitic Cloud           Conj/Pois/Air  10%        N/A       19%         3
 Spider Form              Tmut/Pois      10%        N/A       19%         3
 Swiftness                Air            10%        N/A       19%         3
 Freezing Cloud           Conj/Ice/Air   24%        6-21      24%         5
 Cause Fear               Hex            5%         N/A       52%         4
 Flame Wave               Conj/Fire      10%        2d6       52%         4
 Leda's Liquefaction      Hex/Erth       5%         N/A       52%         4
 Summon Lightning Spire   Summ/Air       10%        N/A       52%         4
 Alistair's Intoxication  Tmut/Pois      6%         N/A       86%         5
 Iskenderun's Battlesphe  Conj           10%        2d6       86%         5
 Lee's Rapid Deconstruct  Erth           5%         3d6*      86%         5
 Summon Forest            Summ/Tloc      5%         N/A       86%         5
 Eringya's Noxious Bog    Tmut/Pois      5%         N/A       100%        6
 Statue Form              Tmut/Erth      6%         N/A       100%        6
 Summon Cactus Giant      Summ           5%         N/A       100%        6
 Summon Hydra             Summ           5%         N/A       100%        7


Dungeon Overview and Level Annotations

Branches:
Dungeon (12/15)            Temple (1/1) D:5            Lair (5/5) D:11
  Swamp (0/4) Lair:2        Snake (0/4) Lair:2        Slime (0/5) Lair:4
    Orc (0/2) D:11

Altars:
Cheibriados
Dithmenos
Kikubaaqudgha
Makhleb
Nemelex Xobeh
Okawaru
Uskayaw
Vehumet
Xom

Shops:
D:7 (   D:9 :   D:12 *

Annotations:
D:12 Azrael
Lair:4 1 runed translucent door


Innate Abilities, Weirdness & Mutations

You have a pair of small antennae on your head.
You are partially covered in large bone plates. (SH +4)
You frequently emit foul miasma when damaged in melee.
Spells you cast and wands you use may paralyse nearby enemies.


Message History

Malevolent energies surge around you.
The hell hound is no longer paralysed.
The hell hound is frozen!
The wall freezes the hell hound!
You kill the hell hound!
Kikubaaqudgha accepts your kill.
A freezing mist starts to gather... x2
The wall freezes the hell hound but does no damage.
The hell hound completely misses your hell hound simulacrum.
Azrael is frozen!
The wall freezes Azrael!
The wall freezes the hell hound.
The hell hound barely misses your hell hound simulacrum.
The helpless Azrael fails to defend himself.
You hit Azrael but do no damage. You freeze Azrael.
Azrael is no longer paralysed.
Azrael is frozen!
The wall freezes Azrael.
Azrael hits you with a +1 scimitar of flaming.
Azrael burns you.
You emit a cloud of foul miasma!
The hell hound is frozen!
The wall freezes the hell hound!
The hell hound bites your hell hound simulacrum!
Your hell hound simulacrum misses the hell hound.
Azrael is frozen!
The wall freezes Azrael.
Azrael gestures at you. The bolt of fire hits you!!
Your icy armour melts away.
* * * LOW HITPOINT WARNING * * *
The hell hound is frozen!
The wall freezes the hell hound.
The hell hound bites your hell hound simulacrum!
The heat melts your icy armour.
You hit Azrael but do no damage. You freeze Azrael.
The frozen ramparts melt away.
The hell hound breathes flames at you.
You hear a sizzling sound!
You block Azrael's attack.
Aim: Azrael, wielding a +1 scimitar of flaming (foul pestilence, heavily wounded)
You feel a surge of power!
You freeze Azrael's soul. Malevolent energies surge around you.
The hell hound suddenly stops moving!
Azrael howls in rage.
Azrael gestures at you. The bolt of fire hits you!!
You die...
Kikubaaqudgha rasps: "You have failed me!
Welcome... death!"

.# #.# #.#
.># #.# #.#
.E#######.#
#hThh.R@..#
#.#######.#
#.# #####
.# #.#
.....####.#
#.#
..........#
#.#
..........#
#.#
..........#
###.#
.........#
#...#


You could see Azrael (simulacrum), a troll, a fire elemental and 3 hell hounds.

Vanquished Creatures
  Snorg (D:11)
  Josephine (D:11)
  Harold (D:9)
  A ghost crab (Lair:2)
  Fannar (Lair:1)
  A hydra (Lair:5)
  2 two-headed ogres
  A boulder beetle (Lair:4)
  A catoblepas (Lair:2)
  8 death yaks
  A spectral hydra (Lair:2)
  An oklob plant (Lair:2)
  An ugly thing (D:11)
  2 cyclopes (D:11)
  A manticore (Lair:5)
  Joseph (Lair:1)
  6 elephants (Lair:5)
  7 black mambas
  A gargoyle (D:10)
  3 torpor snails
  9 cane toads
  A rime drake (Lair:5)
  8 komodo dragons
  A hornet (D:9)
  16 blink frogs
  A spectral elephant (Lair:2)
  2 vampires
  6 wraiths
  33 yaks
  A shadow (D:10)
  4 basilisks
  5 wyverns
  2 fire elementals (D:12)
  A steam dragon (D:8)
  3 wargs (D:11)
  2 hell hounds (D:12)
  20 water moccasins
  3 acid dragons
  4 orc warriors
  A spectral blink frog (Lair:2)
  3 black bears
  An ice beast (D:6)
  2 sky beasts
  4 ogres
  12 centaurs
  A spectral basilisk (Lair:2)
  2 kobold brigands
  6 bullfrogs
  3 necrophages
  5 scorpions
  4 wights (D:9)
  13 killer bees
  A nameless horror (Lair:2)
  2 hounds (D:6)
  3 jellies
  3 orc priests
  3 iguanas
  2 gnoll boudas
  Crazy Yiuf (D:6)
  Jessica (D:2)
  Ijyb (D:5)
  Terence (D:2)
  13 orc wizards
  13 gnolls
  12 adders
  A shadow imp (D:5)
  12 white imps
  A worm (D:2)
  A dart slug (D:2)
  26 orcs
  8 ball pythons
  7 endoplasms
  5 giant cockroaches
  6 goblins
  4 hobgoblins
  5 quokkas
  5 bats
  3 frilled lizards
  17 kobolds
  9 rats
  A bush (Lair:2)
388 creatures vanquished.

Vanquished Creatures (collateral kills)
  3 catoblepae (Lair:5)
  An alligator (Lair:5)
  7 death yaks
  Sonja (Lair:1)
  A manticore (Lair:5)
  9 elephants (Lair:5)
  A black mamba (Lair:5)
  A torpor snail (Lair:5)
  2 rime drakes (Lair:5)
  3 komodo dragons (Lair:5)
  A polar bear (Lair:4)
  2 blink frogs (Lair:4)
  18 yaks
  A basilisk (Lair:5)
  7 water moccasins
  An ogre (D:12)
  2 orc wizards
  5 white imps (D:11)
  An orc (D:11)
67 creatures vanquished.

Vanquished Creatures (others)
  A water moccasin (Lair:2)
  A bullfrog (Lair:2)
  16 fungi
  37 plants
55 creatures vanquished.

Grand Total: 510 creatures vanquished

Notes
Turn   | Place    | Note
-------+----------+-------------------------------------------
     0 | D:1      | theswoord the Demonspawn Ice Elementalist began the quest
                  | for the Orb.
     0 | D:1      | Reached XP level 1. HP: 13/13 MP: 3/3
   218 | D:1      | Gained mutation: You may rarely emit foul miasma when
                  | damaged in melee. [demonic ancestry]
   218 | D:1      | Reached XP level 2. HP: 18/19 MP: 3/5
   354 | D:1      | You fall into a shaft and drop 1 floor!
   631 | D:2      | Reached XP level 3. HP: 24/24 MP: 4/7
  1383 | D:2      | Learned a level 3 spell: Frozen Ramparts
  1387 | D:2      | Learned a level 3 spell: Ozocubu's Armour
  1460 | D:2      | Identified the ring of Dazoschue {Will+ rCorr MP+9 Str+2
                  | Dex-2}
  1670 | D:2      | Noticed Terence
  1675 | D:2      | HP: 1/24 [Terence/+0 flail (6)]
  1676 | D:2      | Killed Terence
  1677 | D:2      | Gained mutation: Spells you cast may paralyse adjacent
                  | enemies. [demonic ancestry]
  1677 | D:2      | Reached XP level 4. HP: 2/30 MP: 8/8
  1846 | D:2      | Noticed Jessica
  1850 | D:2      | Killed Jessica
  1853 | D:2      | Got Jessica's Tome of the Singularity
  2205 | D:3      | Reached XP level 5. HP: 35/35 MP: 10/10
  2764 | D:3      | Found a radiant altar of Vehumet.
  3230 | D:4      | Identified a scroll of acquirement
  3230 | D:4      | Acquired the +9 great sword of Xazxaneh {venom, rF+ Stlth+}
  3263 | D:4      | Noticed a black bear
  3266 | D:4      | Killed a black bear
  3267 | D:4      | Reached skill level 5 in Ice Magic
  3320 | D:4      | Reached XP level 6. HP: 41/41 MP: 12/12
  3709 | D:4      | Reached skill level 5 in Spellcasting
  3713 | D:4      | Gained mutation: Spells you cast may paralyse nearby
                  | enemies. [demonic ancestry]
  3713 | D:4      | Reached XP level 7. HP: 38/46 MP: 14/14
  3875 | D:5      | Entered Level 5 of the Dungeon
  4201 | D:5      | Found a staircase to the Ecumenical Temple.
  4210 | Temple   | Entered the Ecumenical Temple
  4227 | Temple   | Became a worshipper of Kikubaaqudgha
  4443 | D:5      | Gained mutation: You have a pair of small antennae on your
                  | head. [demonic ancestry]
  4443 | D:5      | Reached XP level 8. HP: 52/52 MP: 17/17
  4819 | D:5      | Noticed Ijyb
  4823 | D:5      | Killed Ijyb
  4960 | D:6      | Got the Anthology of Shadowy Turbulence
  5347 | D:6      | Reached * piety under Kikubaaqudgha
  5347 | D:6      | Received a gift from Kikubaaqudgha
  5553 | D:6      | Found a runed translucent door.
  5554 | D:6      | Noticed Crazy Yiuf
  5789 | D:6      | Killed Crazy Yiuf
  5888 | D:7      | Reached XP level 9. HP: 55/57 MP: 20/20
  5939 | D:7      | Reached skill level 1 in Fighting
  6414 | D:7      | Found Onimext's Weapon Shop.
  7008 | D:8      | Reached ** piety under Kikubaaqudgha
  7219 | D:8      | Reached skill level 5 in Fighting
  7748 | D:9      | Found Ziklieti's Tremendous Tomes.
  7853 | D:9      | Paralysed by a hornet for 3 turns
  7859 | D:9      | Gained mutation: You are partially covered in large bone
                  | plates. (SH +4) [demonic ancestry]
  7859 | D:9      | Reached XP level 10. HP: 37/76 MP: 22/22
  7952 | D:9      | Noticed Harold
  7961 | D:9      | Killed Harold
  8286 | D:9      | Noticed a two-headed ogre
  8294 | D:9      | Killed a two-headed ogre
  8358 | D:9      | Reached skill level 10 in Ice Magic
  8786 | D:10     | Entered Level 10 of the Dungeon
  8787 | D:10     | Acquired 766 gold pieces
  8788 | D:10     | Acquired 744 gold pieces
  8789 | D:10     | Acquired Odezatap's Almanac of Fulmination and the Whammy
  8845 | D:10     | Found a snail-covered altar of Cheibriados.
  9030 | D:10     | Reached *** piety under Kikubaaqudgha
  9030 | D:10     | Received a gift from Kikubaaqudgha
  9051 | D:10     | Learned a level 6 spell: Simulacrum
  9195 | D:10     | Found Zin's Purification Station.
  9285 | D:10     | Bought a potion of curing for 90 gold pieces
  9390 | D:10     | Noticed a gargoyle
  9399 | D:10     | Killed a gargoyle
  9400 | D:10     | Reached skill level 1 in Necromancy
  9400 | D:10     | Reached XP level 11. HP: 87/87 MP: 24/24
  9749 | D:11     | Found a staircase to the Orcish Mines.
  9876 | D:11     | Found a staircase to the Lair.
 10077 | D:11     | Noticed Josephine
 10078 | D:11     | Noticed a white ugly thing
 10129 | Lair:1   | Entered Level 1 of the Lair of Beasts
 10144 | Lair:1   | Learned a level 4 spell: Summon Ice Beast
 10418 | Lair:1   | Noticed Joseph
 10426 | Lair:1   | Killed Joseph
 10707 | Lair:1   | Reached skill level 5 in Necromancy
 10795 | Lair:1   | Noticed Fannar
 10801 | Lair:1   | Noticed Sonja
 10813 | Lair:1   | Killed Fannar
 10815 | Lair:1   | Killed Sonja
 10816 | Lair:1   | Reached skill level 10 in Fighting
 11072 | Lair:2   | Noticed a catoblepas
 11076 | Lair:2   | Noticed a death yak
 11086 | Lair:2   | Killed a catoblepas
 11086 | Lair:2   | Reached **** piety under Kikubaaqudgha
 11095 | Lair:2   | Killed a death yak
 11215 | Lair:2   | Noticed an oklob plant
 11417 | Lair:2   | Killed an oklob plant
 11471 | Lair:2   | Gained mutation: Spells you cast and wands you use may
                  | paralyse nearby enemies. [demonic ancestry]
 11471 | Lair:2   | Reached XP level 12. HP: 88/98 MP: 25/25
 11509 | Lair:2   | Found a staircase to the Snake Pit.
 11684 | Lair:2   | Found a staircase to the Swamp.
 11684 | Lair:2   | Noticed a ghost crab
 11738 | Lair:2   | Killed a ghost crab
 12533 | Lair:3   | Noticed a death yak
 12538 | Lair:3   | Noticed a death yak
 12542 | Lair:3   | Noticed a death yak
 12544 | Lair:3   | Noticed a death yak
 12573 | Lair:3   | Killed a death yak
 12577 | Lair:3   | Killed a death yak
 12578 | Lair:3   | Killed a death yak
 12579 | Lair:3   | Killed a death yak
 13275 | Lair:4   | Gained mutation: You sometimes emit foul miasma when
                  | damaged in melee. [demonic ancestry]
 13275 | Lair:4   | Reached XP level 13. HP: 72/108 MP: 4/26
 13401 | Lair:4   | You fall into a shaft and drop 1 floor!
 13401 | Lair:5   | Entered Level 5 of the Lair of Beasts
 13418 | Lair:5   | Reached ***** piety under Kikubaaqudgha
 13422 | Lair:5   | Reached skill level 10 in Necromancy
 13580 | Lair:5   | HP: 2/109 [death yak (11)]
 14888 | Lair:5   | Gained mutation: You frequently emit foul miasma when
                  | damaged in melee. [demonic ancestry]
 14888 | Lair:5   | Reached XP level 14. HP: 105/118 MP: 27/27
 16525 | Lair:4   | Found a runed translucent door.
 16540 | Lair:4   | Got the Encyclopedia of Intoxication
 16634 | Lair:4   | Found a staircase to the Slime Pits.
 16634 | Lair:4   | Noticed an acid blob
 17082 | D:11     | Noticed Snorg
 17095 | D:11     | Killed Snorg
 17409 | D:11     | Killed Josephine
 17836 | D:12     | Found Idomp's General Store.
 17880 | D:12     | Noticed Azrael
 17894 | D:12     | Killed from afar by Azrael

Skill      XL: |  1  2  3  4  5  6  7  8  9 10 11 12 13 14 |
---------------+-------------------------------------------+-----
Ice Magic      | 4 5 6 7 8 9 10 11 12 13 14 | 14.5
Spellcasting   | 3 4 5 6 7 8 9 |  9.7
Fighting       | 5 8 10 12 13 14 | 14.3
Necromancy     | 1 6 9 11 12 | 12.7
Dodging        | |  1.7
Stealth        | |  1.7

Action                     |  1- 3 |  4- 6 |  7- 9 | 10-12 | 13-15 || total
---------------------------+-------+-------+-------+-------+-------++-------
  Melee: Unarmed           |     7 |       |       |       |       ||     7
         Short sword       |     5 |       |       |       |       ||     5
         Mace              |    11 |       |       |       |       ||    11
         Staff             |    15 |    23 |       |   130 |   147 ||   315
         Quarterstaff      |    10 |       |       |       |       ||    10
         Great sword       |       |    14 |   106 |   215 |    66 ||   401
         Punch             |       |       |       |     5 |     4 ||     9
   Cast: Freeze            |    43 |    18 |    94 |    62 |    22 ||   239
         Frozen Ramparts   |     2 |     6 |    21 |    45 |    32 ||   106
         Ozocubu's Armour  |     1 |     2 |    11 |    24 |    14 ||    52
         Summon Ice Beast  |       |       |       |     9 |     5 ||    14
         Simulacrum        |       |       |       |     7 |    69 ||    76
 Invoke: Unearth Wretches  |       |       |       |     1 |       ||     1
         Torment           |       |       |       |       |     1 ||     1
  Evoke: Wand              |       |       |       |     1 |       ||     1
    Use: Scroll            |       |    10 |     5 |    14 |     7 ||    36
         Potion            |       |       |       |     6 |     4 ||    10
   Stab: Sleeping          |     3 |     4 |     5 |     1 |       ||    13
         Paralysed         |       |     3 |    25 |    29 |    39 ||    96
         Distracted        |       |       |       |     1 |       ||     1
 Armour: Robe              |    15 |    18 |    99 |       |       ||   132
         Steam dragon scal |       |       |    10 |   259 |   185 ||   454
         Skin              |       |       |       |     9 |       ||     9
  Dodge: Dodged            |    59 |    43 |   138 |   288 |   205 ||   733
  Block: Other             |       |       |       |    84 |    75 ||   159

Levels and vault maps discovered:
D:1:      minmay_arrival_jagged, layout_loops_ring
D:2:      layout_loops_ring, kennysheep_cluttered_room, chequers_mini_garden,
          kennysheep_jessica_study, uniq_terence
D:3:      layout_loops_corners, chequers_temple_overflow_statue_of_worship,
          minmay_large_rounded_square, chequers_serial_rivers_micro_e
D:4:      layout_basic, kennysheep_generic_room_6
D:5:      layout_gridville, temple_green, minmay_misc_feat_encased,
          grunt_ministairs_2, chequers_garden, grunt_decor_arrowhead, uniq_ijyb
D:6:      layout_gridville, uniq_crazy_yiuf_cottage
D:7:      layout_basic, serial_shops, nicolae_shop_trees
D:8:      kennysheep_blocky_hall, layout_cave_pools, dk_noncrumbling_2,
          minmay_starry_boxes
D:9:      layout_long_grid, hex_large, nicolae_shop_i_like_big_books,
          uniq_harold
D:10:     layout_long_grid, mainiacjoe_overflow_boulevard, zin_purify,
          enter_bailey_3
D:11:     layout_roguey, erik_lair_orcish_takeover, portal_ice_cave_entry_imps,
          uniq_snorg, uniq_josephine
D:12:     layout_basic, serial_shops, shop, nicolae_shop_statue_plus,
          nicolae_shop_trees, kennysheep_mini, uniq_lodul, uniq_azrael
Temple:   nicolae_temple_bog_church
Lair:1:   layout_loops_ring, eino_small_chamber_without_monster, uniq_fannar,
          uniq_sonja, uniq_joseph
Lair:2:   layout_cave_pods, nicolae_swamp_entry_spooky,
          minmay_snake_entry_six_corridors, minmay_lair_oklob_bushes,
          minivault_26, nicolae_lair_lil_pond, hibernation_bobbens
Lair:3:   layout_loops_ring, grunt_megastairs_3, infiniplex_staircase_pool
Lair:4:   layout_hall_layers, slime_entry_2, lemuel_fruit_fields
Lair:5:   evilmike_catoblepas_cave, layout_cave_pods,
          chequers_serial_rivers_small_a, lemuel_fruit_tree, grunt_megastairs_4,
          lemuel_fruit_fields
